 Dungeon Crawl Stone Soup version 0.19.5 (webtiles) character file.

51 Keye the Sneak (level 3, 0/26 HPs)
             Began as an Octopode Fighter on May 7, 2017.
             Killed from afar by a dart slug (2 damage)
             ... with a slug dart
             ... on level 2 of the Dungeon.
             The game lasted 00:01:36 (776 turns).

Keye the Sneak (Octopode Fighter)                    Turns: 776, Time: 00:01:39

Health: 0/26       AC:  1    Str: 15    XL:     3   Next: 81%
Magic:  3/3        EV: 11    Int: 10    God:
Gold:   36         SH:  8    Dex: 12    Spells: 0 memorised, 2 levels left

rFire  . . .     SeeInvis .     a - +0 rapier
rCold  . . .     Gourm    .     b - +0 shield
rNeg   . . .     Faith    .     (helmet restricted)
rPois  .         Spirit   .     (no amulet)
rElec  .         Reflect  .     (no ring)
rCorr  .         Harm     .     (no ring)
MR     .....                    (no ring)
Stlth  ++++......               (no ring)
                                (no ring)
                                (no ring)
                                (no ring)
                                (no ring)

@: no status effects
A: almost no armour, stealthy swim, amphibious, 8 rings, constrict 8, camouflage
1, gelatinous body 1
a: no special abilities


You were on level 2 of the Dungeon.
You were not hungry.

You visited 1 branch of the dungeon, and saw 2 of its levels.

You collected 36 gold pieces.

Inventory:

Hand Weapons
 a - a +0 rapier (weapon)
 g - a +0 short sword
Armour
 b - a +0 shield (worn)
 o - a +0 cloak
Jewellery
 f - a +2 ring of protection {unknown}
Scrolls
 e - a scroll of magic mapping {unknown}
 j - 3 scrolls of identify {unknown}
 k - a scroll of remove curse {unknown}
 m - a scroll of fear {unknown}
Potions
 c - 2 potions of might
 h - 3 potions of degeneration {unknown}
 l - a potion of cancellation {unknown}
 p - a potion of mutation {unknown}
Comestibles
 d - a bread ration
 i - a slice of pizza
 n - 4 fruits
 q - 4 chunks of flesh


   Skills:
 - Level 3.0 Fighting
 - Level 2.0 Short Blades
 - Level 3.0 Dodging
 + Level 4.8 Stealth
 - Level 3.0 Shields


You had 2 spell levels left.
You didn't know any spells.

Dungeon Overview and Level Annotations

Branches:
Dungeon (2/15)

Altars:

Annotations:
D:2 Ijyb


Innate Abilities, Weirdness & Mutations

You cannot wear most types of armour.
You are very stealthy in the water. (Stealth+)
You are amphibious.
You can wear up to eight rings at the same time.
You can use your tentacles to constrict eight enemies at once.
Your skin changes colour to match your surroundings (Stealth+).
Your rubbery body absorbs attacks. (AC +1, EV +1)


Message History

There is an open door here.
Ijyb hits you with an enchanted club.
You hit Ijyb. Your grab misses Ijyb. You squeeze Ijyb.
Ijyb is heavily wounded.
Ijyb hits you with an enchanted club. The adder barely misses you.
You barely miss Ijyb. You grab Ijyb.
Ijyb is heavily wounded.
You constrict Ijyb. The adder bites you. You block Ijyb's attack.
You hit Ijyb.
Ijyb is heavily wounded.
You constrict Ijyb. You block the adder's attack. You block Ijyb's attack.
You block the adder's attack. The dart slug bites you.
Your shield prevents you from hitting Ijyb.
Ijyb is severely wounded.
You constrict Ijyb. You block the adder's attack.
Ijyb hits you with an enchanted club!
* * * LOW HITPOINT WARNING * * *
The dart slug launches a dart at you. The slug dart hits you!
You die...

##+##
##...##
##.....##
##.....(.##
#.........#
+.........+
#...wgS...#
#...@...#
##?....##
##...##
##'## #.#
#.# ##.##
##...##
#.....#


You could see Ijyb, an adder and a dart slug.

Vanquished Creatures
  An adder (D:2)
  A worm (D:2)
  4 bats
  2 giant cockroaches (D:1)
  7 hobgoblins (D:1)
  5 kobolds (D:1)
  A quokka (D:2)
  A ball python (D:1)
  6 frilled lizards
  6 goblins
  3 rats (D:1)
37 creatures vanquished.

Notes
Turn   | Place    | Note
-------+----------+-------------------------------------------
     0 | D:1      | Keye the Octopode Fighter began the quest for the Orb.
     0 | D:1      | Reached XP level 1. HP: 16/16 MP: 1/1
    83 | D:1      | Reached skill level 1 in Stealth
   122 | D:1      | Reached skill level 2 in Stealth
   124 | D:1      | Reached XP level 2. HP: 21/21 MP: 2/2
   173 | D:1      | Reached skill level 3 in Stealth
   255 | D:1      | Reached XP level 3. HP: 23/26 MP: 3/3
   272 | D:1      | Reached skill level 4 in Stealth
   769 | D:2      | Noticed Ijyb
   776 | D:2      | Killed from afar by a dart slug

Skill      XL: |  1  2  3 |
---------------+----------+-----
Stealth        | 2 3 4 |  4.8
Fighting       | |  3.0
Short Blades   | |  2.0
Dodging        | |  3.0
Shields        | |  3.0

Action                   || total
-------------------------++-------
Melee: Rapier            ||    66
       Constrict         ||    17
       Tentacles         ||     8
 Stab: Sleeping          ||     6
Armor: Skin              ||     6
Dodge: Dodged            ||    30
Block: Shield            ||    24
